AoeStats
← M@nqu!to

Arabia

505776841Analyzed
1v1 RM · 20d ago on Sep 11, 2026· 40m 9s· 2 players
Game mode
Random Map
Map size
Tiny (2 player)
Population
200
Speed
Normal
Resources
Standard
Victory
Conquest
Starting age
Dark Age
Ending age
Imperial Age
RankedLock teamsTeams togetherTeam positionsShared explorationLock speedFull tech treeHidden civsTurbo modeCheats
Victory
Defeat
🇵🇪 Romans · Peru
1161
+17
🇨🇴 Burmese · Colombia
1183
-17
M@nqu!to
12:15 Loom
14:00 Feudal Age
16:20 Double-Bit Axe
17:31 Forging
19:16 Bloodlines
19:16 Horse Collar
25:59 Castle Age
25:34 Scale Barding Armor
26:53 Fletching
27:04 Padded Archer Armor
34:28 Husbandry
34:42 Bow Saw
38:25 Chain Barding Armor
Isaac_Hayes
6:39 Loom
12:20 Feudal Age
12:29 Man-at-Arms
17:23 Arson
21:44 Town Watch
23:49 Horse Collar
27:36 Scale Mail Armor
27:58 Fletching
28:44 Forging
33:43 Castle Age
31:49 Scale Barding Armor
33:09 Bloodlines
34:01 Pikeman
34:44 Squires
38:20 Sanctity
41:03 Wheelbarrow
Connection lost

Rejoining the realm…

Still unreachable

The connection could not be restored.

Session expired

The server has moved on; the page needs a fresh start.